 Dungeon Crawl Stone Soup version 0.29-a0-1061-gbc57f8fbdb (webtiles) character file.

Game seed: 1516508282161624055

99778 RepoMan the Brawler (level 15, 157/157 HPs)
             Began as a Troll Earth Elementalist on Aug 17, 2022.
             Was the Champion of Wu Jian.
             Got out of the dungeon alive.
             The game lasted 03:09:20 (20599 turns).

RepoMan the Brawler (Troll Earth Elementalist)     Turns: 20599, Time: 03:09:20

Health: 157/157    AC:  7    Str: 26    XL:     15   Next: 78%
Magic:  17/17      EV: 11    Int: 17    God:    Wu Jian [******]
Gold:   810        SH: 13    Dex: 20    Spells: 15/18 levels left

rFire   + . .      SeeInvis .     - Unarmed
rCold   . . .      Faith    .   V - +1 kite shield {rN+}
rNeg    + . .      Spirit   .   m - +0 troll leather armour
rPois   +          Reflect  .   (helmet restricted)
rElec   .          Harm     .   E - +0 cloak
rCorr   +          Rampage  .   (gloves unavailable)
Will    +....                   (boots unavailable)
Stlth   ++........              j - amulet "Rulioskeydi" {Regen+ rCorr Int+3}
HPRegen 2.76/turn               g - +6 ring of dexterity
MPRegen 0.15/turn               t - ring of Myzymm {rPois rF+ Int+3 Dex+4}

@: studying Armour
A: large, unfitting armour, claws 3, regeneration 1, shaggy fur 1, tough skin 1
a: Renounce Religion, Wall Jump, Serpent's Lash, Heavenly Storm


You escaped.
You worshipped Wu Jian.
Wu Jian was exalted by your worship.
You visited 4 branches of the dungeon, and saw 23 of its levels.
You visited 1 bazaar.

You collected 2251 gold pieces.
You spent 1441 gold pieces at shops.

Inventory:

Hand Weapons
 r - a +1 scimitar of flaming
Missiles
 c - a throwing net
 d - 129 stones
 o - 28 poisoned darts
 J - 27 large rocks
Armour
 m - a +0 troll leather armour (worn)
 z - a +2 robe of positive energy
 A - a +0 tower shield
 E - a +0 cloak (worn)
 U - +0 fire dragon scales
 V - a +1 kite shield of positive energy (worn)
Magical Staves
 u - a staff of air
 B - a staff of earth
Jewellery
 f - a ring of wizardry
 g - a +6 ring of dexterity (left claw)
 j - the amulet "Rulioskeydi" (around neck) {Regen+ rCorr Int+3}
   (You acquired it on level 8 of the Dungeon)

   [amulet of regeneration]

   Int:       It affects your intelligence (+3).
   Regen:     It increases your rate of health regeneration.
   rCorr:     It protects you from acid and corrosion.
 n - a ring of ice
 p - a ring of fire
 t - the ring of Myzymm (right claw) {rPois rF+ Int+3 Dex+4}
   (You bought it in a shop on level 2 of the Orcish Mines)

   [ring of protection from fire]

   Int:       It affects your intelligence (+3).
   Dex:       It affects your dexterity (+4).
   rF:        It protects you from fire.
   rPois:     It protects you from poison.
 I - an amulet of reflection
 Q - a ring of positive energy
Wands
 a - a wand of quicksilver (7)
 h - a wand of paralysis (20)
 v - a wand of flame (22)
 y - a wand of digging (10)
 S - a wand of roots (8)
 W - a wand of mindburst (10)
Scrolls
 e - 5 scrolls of enchant armour
 k - 4 scrolls of enchant weapon
 q - 12 scrolls of teleportation
 x - 4 scrolls of amnesia
 D - a scroll of vulnerability
 F - 4 scrolls of magic mapping
 H - a scroll of torment
 L - 3 scrolls of blinking
 M - 2 scrolls of poison
 P - 2 scrolls of butterflies
 T - 7 scrolls of identify
Potions
 b - 2 potions of magic
 i - 9 potions of curing
 l - 2 potions of haste
 s - 5 potions of flight
 w - 4 potions of attraction
 C - 5 potions of might
 G - a potion of lignification
 K - 3 potions of ambrosia
 N - a potion of mutation
 O - a potion of cancellation
 R - a potion of heal wounds


   Skills:
 + Level 12.2 Fighting
 + Level 4.1 Dodging
 - Level 1.0 Stealth
 + Level 10.8 Shields
 * Level 19.7 Unarmed Combat
 - Level 2.2 Spellcasting
 - Level 3.3 Transmutations
 - Level 6.6 Earth Magic


You had 15 spell levels left.
You knew the following spells:

 Your Spells              Type           Power      Damage    Failure   Level
s - Sandblast             Erth           48%        2d12      2%          1
w - Passwall              Tmut/Erth      15%        N/A       8%          2

Your spell library contained the following spells:

 Spells                   Type           Power      Damage    Failure   Level
 Beastly Appendage        Tmut           26%        N/A       10%         1
 Wereblood                Tmut           13%        N/A       16%         2
 Stone Arrow              Conj/Erth      26%        3d8       30%         3
 Foxfire                  Conj/Fire      4%         2x1d4     36%         1
 Magic Dart               Conj           4%         1d3       36%         1
 Petrify                  Tmut/Erth      18%        N/A       45%         4
 Blink                    Tloc           2%         N/A       52%         2
 Searing Ray              Conj           2%         2d4       52%         2
 Spider Form              Tmut/Pois      7%         N/A       52%         3
 Ignite Poison            Fire/Tmut/Pois 5%         N/A       58%         3
 Animate Armour           Summ/Erth      26%        N/A       69%         4
 Conjure Flame            Conj/Fire      1%         6-21      75%         3
 Frozen Ramparts          Ice            2%         1d1       75%         3
 Inner Flame              Hex/Fire       1%         N/A       75%         3
 Lesser Beckoning         Tloc           1%         N/A       75%         3
 Mephitic Cloud           Conj/Pois/Air  1%         N/A       75%         3
 Ice Form                 Ice/Tmut       7%         N/A       89%         4
 Blade Hands              Tmut           6%         N/A       95%         5
 Borgnjor's Vile Clutch   Necr/Erth      6%         N/A       95%         5
 Animate Dead             Necr           1%         N/A       98%         4
 Flame Wave               Conj/Fire      1%         2d4       98%         4
 Fulminant Prism          Conj/Hex       0%         3d6       98%         4
 Summon Ice Beast         Ice/Summ       1%         N/A       98%         4
 Freezing Cloud           Conj/Ice/Air   0%         6-21      100%        5
 Manifold Assault         Tloc           1%         N/A       100%        5
 Death Channel            Necr           0%         N/A       100%        6
 Iron Shot                Conj/Erth      6%         9d2       100%        6


Dungeon Overview and Level Annotations

Branches:
Dungeon (15/15)            Temple (1/1) D:7            Lair (5/5) D:11
 Shoals (0/4) Lair:2        Snake (0/4) Lair:2        Slime (0/5) Lair:4
    Orc (2/2) D:12            Elf (0/3) Orc:2        Vaults (0/5) D:13
 Depths (0/4) D:15

Altars:
Ashenzari
Cheibriados
Elyvilon
Fedhas
Gozag
Hepliaklqana
Kikubaaqudgha
Nemelex Xobeh
Okawaru
Ru
Sif Muna
Trog
Uskayaw
Vehumet
Wu Jian
Xom
Yredelemnul
Zin
Jiyva

Shops:
D:2 ?   D:7 **=   Orc:2 :[*=

Annotations:
D:15 3 runed translucent doors, RepoMan's ghost, journeyman TrEE


Innate Abilities, Weirdness & Mutations

You are too large for most types of armour.
You have claws for hands.
Your natural rate of healing is unusually fast.
You are covered in fur. (AC +1)
You have tough skin. (AC +1)


Message History

There is a staircase to the Lair here.
There is a stone staircase leading up here.
You climb upwards.
There is a stone staircase leading down here.
There is a stone staircase leading up here.
You climb upwards.
There is a stone staircase leading down, spattered with blood here.
There is an escape hatch in the ceiling here.
A mysterious force pulls you upwards. The hatch slams shut behind you.
There is an open door here.
There is a stone staircase leading down, spattered with blood here.
There is a stone staircase leading up here.
You climb upwards.
There is a stone staircase leading down here.
There is an entrance to Feust's Assorted Antiques here.
You see here a +0 halberd.
There is a stone staircase leading up here.
You climb upwards.
There is a stone staircase leading down here.
There is a stone staircase leading up here.
You climb upwards.
There is a stone staircase leading down here.
There is a stone staircase leading up here.
You climb upwards.
There is a stone staircase leading down here.
There is a blossoming altar of Fedhas here.
There is a stone staircase leading up here.
You climb upwards.
There is a stone staircase leading down here.
There is a stone staircase leading up here.
You climb upwards.
There is a stone staircase leading down here.
You see here a +0 dagger.
There is a stone staircase leading up here.
You climb upwards.
There is a stone staircase leading down here.
There is an open door here.
There is a staircase leading out of the dungeon here.
Are you sure you want to leave the Dungeon?
This will make you lose the game!
You have escaped!

###.####...........# #.......+.##
###.####......)....# #.......#+##
................†..###...........
.##.................##...........
.##.###.#####.......###..........
.#### #.# #..#####...#..........
.# #.# #.##...##....>........ ##
#.####.#.....#####..###....
#######....#.#..@..###...## #....
[.......##.#.#.....##..### #####
..########...##...###..##### ..#
##...#'#..'###'...'#...## ..#
#.....##.### ###.##.....# ..#
#.....##.# #.##.....# ..#
#.....#..# #.##.....# ..#
##...#'.## #..'#...## ###
######## #########


There were no monsters in sight!

Vanquished Creatures
  2 very ugly things (D:15)
  Azrael (D:15)
  An ettin (Orc:2)
  A fire dragon (Lair:5)
  4 hydras
  A rakshasa (D:15)
  5 boulder beetles
  4 centaur warriors
  8 vault guards
  2 catoblepae
  2 two-headed ogres
  2 tengu warriors (D:14)
  5 orc high priests (Orc:2)
  6 skeletal warriors
  Amaemon (D:9)
  A glowing orange brain (D:15)
  2 lindwurms (Lair:5)
  Pikel (D:5)
  11 orc knights
  4 deep elf pyromancers
  2 oklob plants
  2 orc sorcerers (Orc:2)
  13 ugly things
  Maurice (D:8)
  6 cyclopes
  6 manticores
  24 elephants
  8 black mambas
  A guardian serpent (shapeshifter) (D:15)
  7 cane toads
  5 torpor snails (Lair:5)
  4 gargoyles (D:12)
  A rime drake (Lair:4)
  An orange demon (D:9)
  12 komodo dragons
  2 efreet
  4 unseen horrors (D:12)
  Maggie (D:10)
  A polar bear (Lair:5)
  3 tyrant leeches (Lair:5)
  7 hornets
  11 trolls
  A wind drake (Lair:2)
  A polar bear (shapeshifter) (D:13)
  16 blink frogs
  Prince Ribbit (D:8)
  12 slime creatures
  23 yaks
  3 wraiths (D:12)
  5 wyverns
  2 shadows
  2 fire elementals (D:15)
  6 basilisks
  13 vampire mosquitoes
  Grum (D:8)
  3 wargs (Orc:2)
  2 acid dragons (D:11)
  12 water moccasins
  6 hell hounds (D:15)
  2 ice beasts
  27 orc warriors
  A sky beast (D:6)
  A black bear (D:11)
  4 ogres
  14 wolves
  2 phantoms
  6 centaurs
  5 bullfrogs
  3 kobold brigands
  2 gnoll sergeants
  4 scorpions
  A water moccasin zombie (D:5)
  A wight (D:5)
  8 killer bees
  6 howler monkeys
  An electric eel (D:10)
  A bullfrog zombie (D:5)
  A human zombie (D:5)
  5 hounds
  24 orc priests
  Jessica (D:2)
  3 iguanas
  Terence (D:3)
  15 orc wizards
  2 hell rats (Lair:5)
  A scorpion zombie (D:5)
  A killer bee zombie (D:5)
  A hound zombie (D:5)
  2 mummies (D:5)
  A howler monkey zombie (D:5)
  10 gnolls
  6 adders
  11 river rats
  A shadow imp (D:7)
  A white imp (D:7)
  2 ufetubi
  3 adder zombies (D:5)
  44 orcs
  5 bats
  4 endoplasms
  2 giant cockroaches (D:2)
  6 goblins
  8 hobgoblins
  8 jackals
  A quokka (D:1)
  7 ball pythons
  3 frilled lizards
  15 kobolds
  4 rats
583 creatures vanquished.

Vanquished Creatures (collateral kills)
  An orc warlord (Orc:2)
  A two-headed ogre (D:9)
  3 death yaks (Lair:5)
  A troll (D:9)
  4 orc warriors (Orc:2)
  2 ogres (Orc:2)
  4 orc priests (Orc:2)
  4 orcs (Orc:2)
20 creatures vanquished.

Vanquished Creatures (others)
  A cyclops (D:11)
  A kobold (D:11)
  A bush (Lair:5)
  50 fungi
  84 plants
137 creatures vanquished.

Grand Total: 740 creatures vanquished

Notes
Turn   | Place    | Note
-------+----------+-------------------------------------------
     0 | D:1      | RepoMan the Troll Earth Elementalist began the quest for
                  | the Orb.
     0 | D:1      | Reached XP level 1. HP: 16/16 MP: 1/1
   206 | D:1      | Reached XP level 2. HP: 24/24 MP: 0/3
   209 | D:1      | Learned a level 2 spell: Passwall
   231 | D:1      | Reached skill level 1 in Unarmed Combat
   329 | D:1      | Reached skill level 1 in Transmutations
   675 | D:1      | Found a faded altar of an unknown god.
   748 | D:2      | Found Qiacses's Magic Scroll Emporium.
   780 | D:2      | Bought a scroll of identify for 22 gold pieces
   797 | D:2      | Reached XP level 3. HP: 30/31 MP: 4/4
   994 | D:2      | Reached skill level 2 in Unarmed Combat
   994 | D:2      | Reached XP level 4. HP: 31/39 MP: 0/5
  1164 | D:2      | Noticed Jessica
  1295 | D:3      | Found a radiant altar of Vehumet.
  1325 | D:3      | Noticed Terence
  1892 | D:2      | Bought a scroll of blinking for 82 gold pieces
  1921 | D:2      | Killed Jessica
  2038 | D:3      | Killed Terence
  2039 | D:3      | Reached XP level 5. HP: 45/45 MP: 6/6
  2147 | D:4      | Reached skill level 3 in Unarmed Combat
  2527 | D:4      | Found a sacrificial altar of Ru.
  2527 | D:4      | Noticed a phantom
  2566 | D:4      | Found a blossoming altar of Fedhas.
  2785 | D:4      | Reached XP level 6. HP: 43/53 MP: 8/8
  3009 | D:4      | Reached skill level 4 in Unarmed Combat
  3150 | D:5      | Entered Level 5 of the Dungeon
  3154 | D:5      | Noticed an ice beast
  3163 | D:5      | Killed an ice beast
  3231 | D:5      | Reached XP level 7. HP: 36/59 MP: 9/9
  3390 | D:5      | Reached skill level 5 in Unarmed Combat
  3437 | D:5      | Noticed Pikel
  3447 | D:5      | Killed Pikel
  3448 | D:5      | Reached skill level 6 in Unarmed Combat
  3448 | D:5      | Reached XP level 8. HP: 67/67 MP: 10/10
  3594 | D:5      | Reached skill level 7 in Unarmed Combat
  3663 | D:5      | Reached skill level 1 in Fighting
  3968 | D:5      | Found a basalt altar of Yredelemnul.
  4016 | D:5      | Reached skill level 8 in Unarmed Combat
  4556 | D:6      | Reached XP level 9. HP: 81/81 MP: 11/11
  4561 | D:6      | Noticed a skeletal warrior
  4590 | D:7      | Found Feust's Assorted Antiques.
  4600 | D:7      | Reached skill level 9 in Unarmed Combat
  4680 | D:7      | Found a staircase to the Ecumenical Temple.
  4680 | D:7      | Noticed a skeletal warrior
  4680 | D:7      | Noticed a skeletal warrior
  4683 | D:7      | Noticed a skeletal warrior
  4692 | D:7      | Noticed a skeletal warrior
  4718 | D:7      | Found Keaz's Jewellery Boutique.
  4802 | Temple   | Entered the Ecumenical Temple
  4825 | Temple   | Became a worshipper of the Wu Jian Council
  4856 | D:7      | Found an opulent altar of Gozag.
  4910 | D:8      | Noticed Prince Ribbit
  4921 | D:8      | Killed Prince Ribbit
  4995 | D:8      | Found a snail-covered altar of Cheibriados.
  5030 | D:8      | Noticed a seven-headed hydra
  5193 | D:2      | Bought a scroll of blinking for 82 gold pieces
  5193 | D:2      | Bought a scroll of identify for 22 gold pieces
  5193 | D:2      | Bought a scroll of butterflies for 44 gold pieces
  5193 | D:2      | Bought a scroll of amnesia for 44 gold pieces
  5415 | D:8      | Noticed Maurice
  5431 | D:8      | Killed Maurice
  5432 | D:8      | Reached skill level 10 in Unarmed Combat
  5461 | D:8      | Noticed Grum
  5475 | D:8      | Killed Grum
  5683 | D:8      | Reached skill level 11 in Unarmed Combat
  5783 | D:8      | Reached skill level 5 in Fighting
  5783 | D:8      | Reached XP level 10. HP: 88/96 MP: 10/12
  5814 | D:8      | Identified a scroll of acquirement
  5815 | D:8      | Acquired the amulet "Rulioskeydi" {Regen+ rCorr Int+3}
  5831 | D:9      | Noticed a two-headed ogre
  5901 | D:9      | Killed a two-headed ogre
  5966 | D:9      | Reached skill level 12 in Unarmed Combat
  6036 | D:9      | Reached * piety under Wu Jian
  6351 | D:9      | Noticed Amaemon
  6352 | D:9      | Noticed an orange demon
  6368 | D:9      | Killed Amaemon
  6371 | D:9      | Killed an orange demon
  6372 | D:9      | Reached skill level 13 in Unarmed Combat
  6696 | D:10     | Entered Level 10 of the Dungeon
  6725 | D:10     | Noticed Maggie
  6747 | D:10     | Killed Maggie
  6789 | D:9      | Reached XP level 11. HP: 98/107 MP: 13/13
  6823 | D:10     | Found a shimmering blue altar of Sif Muna.
  6948 | D:10     | Found a sparkling altar of Nemelex Xobeh.
  7049 | D:10     | Found a hide-covered altar of Uskayaw.
  7051 | D:10     | Found an ancient bone altar of Kikubaaqudgha.
  7209 | D:10     | Reached ** piety under Wu Jian
  7476 | D:11     | Noticed an eight-headed hydra
  7614 | D:11     | Reached skill level 14 in Unarmed Combat
  7744 | D:11     | Found a flickering gateway to a bazaar.
  7787 | Bazaar   | Entered a bazaar
  7787 | Bazaar   | Found Daodepie's General Store.
  7787 | Bazaar   | Found Duviyf's General Store.
  7788 | Bazaar   | Found Xoadeesa's Assorted Antiques.
  7788 | Bazaar   | Found Qipezin's Armour Emporium.
  7822 | Bazaar   | Bought a scroll of identify for 18 gold pieces
  7830 | Bazaar   | Bought a scroll of poison for 44 gold pieces
  7830 | Bazaar   | Bought a scroll of magic mapping for 82 gold pieces
  7834 | Bazaar   | Bought a silvery potion for 19 gold pieces
  7834 | Bazaar   | Bought a scroll of identify for 44 gold pieces
  7834 | Bazaar   | Bought 2 smoky orange potions for 39 gold pieces
  7964 | D:11     | Found a staircase to the Lair.
  8182 | Lair:1   | Entered Level 1 of the Lair of Beasts
  8532 | Lair:1   | Noticed an oklob plant
  8696 | Lair:1   | Identified the +7 broad axe of Ruhet {freeze, *Rage Int+2
                  | SInv}
  8754 | Lair:1   | Reached skill level 15 in Unarmed Combat
  8768 | Lair:1   | Reached *** piety under Wu Jian
  9224 | Lair:1   | Killed an oklob plant
  9303 | Lair:2   | Found a staircase to the Shoals.
  9319 | Lair:2   | Reached XP level 12. HP: 118/122 MP: 14/14
  9685 | Lair:2   | Found a staircase to the Snake Pit.
  9709 | Lair:2   | Found an ornate altar of the Wu Jian Council.
  9782 | Lair:2   | Reached skill level 16 in Unarmed Combat
 10347 | Lair:3   | Identified the +4 sling "Warow" {venom, Dex+5}
 10676 | Lair:3   | Identified the +1 ring mail of Enej {+Inv rCorr}
 10709 | Lair:3   | Reached skill level 17 in Unarmed Combat
 11282 | Lair:4   | Reached skill level 1 in Shields
 11288 | Lair:4   | Reached **** piety under Wu Jian
 11302 | Lair:4   | Found a staircase to the Slime Pits.
 11302 | Lair:4   | Found a viscous altar of Jiyva.
 11387 | Lair:4   | Reached XP level 13. HP: 133/133 MP: 15/15
 12117 | Lair:5   | Entered Level 5 of the Lair of Beasts
 12134 | Lair:5   | Reached skill level 10 in Fighting
 12550 | Lair:5   | Reached skill level 5 in Earth Magic
 12822 | Lair:5   | Reached skill level 5 in Shields
 12825 | Lair:5   | Reached ***** piety under Wu Jian
 13077 | Lair:5   | Found a runed translucent door.
 13078 | Lair:5   | Noticed a fire dragon
 13152 | Lair:5   | Paralysed by a hornet for 1 turns
 13217 | Lair:5   | Paralysed by a hornet for 3 turns
 13226 | Lair:5   | Paralysed by a hornet for 3 turns
 13526 | Lair:5   | Killed a fire dragon
 13865 | D:12     | Reached skill level 18 in Unarmed Combat
 13894 | D:12     | Reached XP level 14. HP: 94/144 MP: 16/16
 14466 | D:12     | Found a staircase to the Orcish Mines.
 14473 | Orc:1    | Entered Level 1 of the Orcish Mines
 14731 | Orc:2    | Entered Level 2 of the Orcish Mines
 14781 | Orc:2    | Found a staircase to the Elven Halls.
 15004 | Orc:2    | Noticed an orc warlord
 15028 | Orc:2    | Killed an orc warlord
 15341 | Orc:2    | Found Ozixas's Book Emporium.
 15344 | Orc:2    | Found Vezuun's Assorted Antiques.
 15345 | Orc:2    | Found Ibushy's Jewellery Emporium.
 15346 | Orc:2    | Found Fenawkuk's Antique Armour Emporium.
 15358 | Orc:2    | Bought the ring of Myzymm {rPois rF+ Int+3 Dex+4} for 763
                  | gold pieces
 16657 | D:7      | Reached XP level 15. HP: 156/156 MP: 17/17
 16691 | D:7      | Found Upoecar's General Store.
 16694 | D:7      | Bought a potion of lignification for 39 gold pieces
 16694 | D:7      | Bought a scroll of blinking for 97 gold pieces
 16984 | D:6      | Reached skill level 10 in Shields
 17254 | D:13     | Found a gate to the Vaults.
 17321 | D:13     | Reached skill level 19 in Unarmed Combat
 18068 | D:14     | Reached ****** piety under Wu Jian
 18753 | D:15     | Entered Level 15 of the Dungeon
 18829 | D:15     | Noticed Azrael
 18838 | D:15     | Killed Azrael
 19338 | D:15     | Found a white marble altar of Elyvilon.
 19518 | D:15     | Found a runed translucent gate.
 19519 | D:15     | Found a runed translucent gate.
 19521 | D:15     | Found a runed translucent gate.
 19533 | D:15     | Noticed RepoMan's ghost (journeyman TrEE)
 19635 | D:15     | Found a staircase to the Depths.
 20352 | Lair:2   | Upgraded the game from 0.29-a0-1052-g6990b1bffc to
                  | 0.29-a0-1061-gbc57f8fbdb
 20599 | D:$      | Got out of the dungeon alive.

Illustrated notes

Levels and vault maps discovered:
D:1:      noname_arrival_rooms_in_the_neighbourhood, layout_basic,
          shapermc_ecumenical_altar_mp_ritualfount
D:2:      layout_rooms, serial_shops, shop, uniq_jessica
D:3:      layout_basic, nicolae_vehumet_radiance, uniq_terence
D:4:      layout_basic, mainiacjoe_overflow_alcove_4,
          mainiacjoe_overflow_chevrons, nicolae_grassy_gnolls
D:5:      layout_basic, lemuel_mausoleum_altar_yredelemnul, uniq_pikel
D:6:      layout_rooms, minmay_tree_intersection, minmay_manual_mess
D:7:      layout_rooms, grunt_gozag_statues, minmay_temple_entry_arrows,
          serial_shops, nicolae_shop_statue_plus, nicolae_stop_n_shop_1,
          nicolae_stop_n_shop_2, minmay_strange_pillars,
          kennysheep_generic_room_15
D:8:      layout_gridville, mainiacjoe_overflow_catwalk, uniq_maurice,
          uniq_prince_ribbit1, uniq_grum
D:9:      nicolae_cairo_tiling_very_big, layout_irregular_city,
          grunt_ministairs_7, uniq_amaemon
D:10:     layout_cave_pools, led_sif_pool, nemelex_xobeh_ov_fountains_minmay,
          nicolae_overflow_hidden_temple, amcnicky_mini_pool_medium, uniq_maggie
D:11:     layout_loops_cross, due_lair_maze_entry_diamond, serial_shops,
          freezing_bzr
D:12:     minmay_big_diamond_grid, layout_loops_corners
D:13:     layout_loops_ring, erik_vaults_2, minmay_crystal_room
D:14:     layout_basic, minmay_parallelograms, kennysheep_boxes
D:15:     gammafunk_enter_depths_forms, layout_layer_cave,
          gammafunk_ghost_necromancy, nicolae_eternal_life,
          nicolae_elyvilon_peaceful_grove, uniq_azrael
Temple:   nicolae_temple_bog_church
Lair:1:   minmay_lair_oklob_chamber, layout_regular_city,
          minmay_shattered_shrine
Lair:2:   layout_hall_layers, minmay_shoals_entry_beasts, dummy_snake_entry,
          basic_altar, grunt_megastairs_1
Lair:3:   layout_regular_city, infiniplex_staircase_pool_2
Lair:4:   layout_cave_pods, slime_entry_1
Lair:5:   wormcave, layout_gridlike, kennysheep_rathole
Orc:1:    layout_caves, serial_shops, nicolae_square_shop,
          statue_in_the_mist_lemuel, mines1_david
Orc:2:    st_orc_pillars, layout_caves

Skill      XL: |  1  2  3  4  5  6  7  8  9 10 11 12 13 14 15 |
---------------+----------------------------------------------+-----
Unarmed Combat | 1 2 3 4 6 8 11 13 15 17 18 19 | 19.7
Transmutations | 1 2 3 |  3.3
Earth Magic    | 3 4 6 |  6.6
Spellcasting   | 2 |  2.2
Fighting       | 3 5 6 8 9 10 11 12 | 12.2
Shields        | 1 6 9 10 | 10.8
Dodging        | 4 |  4.1
Stealth        | |  1.0

Action                   |  1- 3 |  4- 6 |  7- 9 | 10-12 | 13-15 || total
-------------------------+-------+-------+-------+-------+-------++-------
Melee: Unarmed           |    57 |    52 |   197 |   484 |  1027 ||  1817
       Punch             |       |     4 |     8 |    47 |       ||    59
       Broad axe         |       |       |       |       |    18 ||    18
       Scimitar          |       |       |       |       |    20 ||    20
Throw: Stone             |     5 |     1 |       |       |       ||     6
       Large rock        |       |    11 |     8 |       |       ||    19
       Dart              |       |     9 |    19 |     7 |    20 ||    55
       Throwing net      |       |       |     4 |     3 |     1 ||     8
 Cast: Sandblast         |    26 |    36 |    27 |    14 |     3 ||   106
       Passwall          |       |       |     2 |     6 |     3 ||    11
Invok: Lunge             |       |       |     7 |    57 |   122 ||   186
       Whirlwind         |       |       |       |    58 |   215 ||   273
       Serpent's Lash    |       |       |       |       |    11 ||    11
       Heavenly Storm    |       |       |       |       |     1 ||     1
 Abil: Wall Jump         |       |       |       |     3 |     9 ||    12
Evoke: Wand              |       |     5 |     3 |    15 |     4 ||    27
  Use: Scroll            |     2 |     3 |     8 |    17 |    16 ||    46
       Potion            |       |       |     6 |     3 |    13 ||    22
 Stab: Sleeping          |       |       |     2 |     2 |     2 ||     6
       Invisible         |       |       |     4 |       |       ||     4
       Held in net/web   |       |       |     1 |     2 |     2 ||     5
       Distracted        |       |       |       |     3 |       ||     3
       Petrified         |       |       |       |       |     2 ||     2
       Paralysed         |       |       |       |       |     2 ||     2
Armor: Robe              |    31 |    13 |    52 |     8 |       ||   104
       Skin              |       |       |     6 |       |       ||     6
       Troll leather arm |       |       |       |   103 |   144 ||   247
Dodge: Dodged            |    29 |    20 |    72 |   172 |   228 ||   521
Block: Kite shield       |       |       |       |       |   338 ||   338

Table legend: (Time is in decaauts)
 A = Elapsed time spent in this place.
 B = Non-inter-level travel time spent in this place.
 C = Inter-level travel time spent in this place.
 D = Time resting spent in this place.
 E = Time spent auto-exploring this place.
 F = Levels seen in this place.
 G = Mean time per level.
                   A        B        C        D        E       F      G
               +--------+--------+--------+--------+--------+-----+--------+
         Total |  20452 |  18726 |   1726 |    644 |  10691 |  24 |  852.2 |
       Dungeon |  13658 |  12443 |   1215 |    477 |   6995 |  15 |  910.5 |
        Temple |     43 |     33 |     10 |      0 |      0 |   1 |   43.0 |
          Lair |   5584 |   5115 |    469 |    167 |   3320 |   5 | 1116.8 |
  Orcish Mines |   1107 |   1076 |     31 |      0 |    376 |   2 |  553.5 |
        Bazaar |     57 |     57 |      0 |      0 |      0 |   1 |   57.0 |
               +--------+--------+--------+--------+--------+-----+--------+

Top non-repeatable levels by time:
    D:12: 1495 daAuts
    D:15: 1425 daAuts
  Lair:5: 1369 daAuts
     D:4: 1282 daAuts
  Lair:1: 1161 daAuts
  Lair:4: 1142 daAuts
  Lair:2: 1104 daAuts
     D:5: 1012 daAuts
     D:9: 913 daAuts
    D:11: 911 daAuts
     D:8: 846 daAuts
   Orc:2: 840 daAuts
    D:13: 828 daAuts
  Lair:3: 806 daAuts
     D:3: 764 daAuts
